 Dungeon Crawl Stone Soup version 0.20-a0-871-g785f14b (webtiles) character file.

35 4thArraOfDagon the Ducker (level 3, 0/20 HPs)
             Began as a Spriggan Abyssal Knight on Mar 14, 2017.
             Was a Follower of Lugonu.
             Slain by an orc
             ... wielding a +0 trident
              (7 damage)
             ... on level 5 of the Dungeon.
             The game lasted 00:03:53 (809 turns).

4thArraOfDagon the Ducker (Spriggan Abyssal Knight)  Turns: 809, Time: 00:03:54

Health: 0/20       AC:  2    Str:  8    XL:     3   Next: 16%
Magic:  5/5        EV: 19    Int: 14    God:    Lugonu [*.....]
Gold:   116        SH:  0    Dex: 15    Spells: 2/2 levels left

rFire    + . .     SeeInvis +   a - +1 short sword
rCold    . . .     Gourm    .   b - +0 robe
rNeg     . . .     Faith    .   (shield restricted)
rPois    .         Spirit   .   (helmet restricted)
rElec    .         Reflect  .   (no cloak)
rCorr    .         Harm     .   (gloves unavailable)
MR       .....                  (boots unavailable)
Stlth    ++........             (no amulet)
Regen    0.1/turn               (no ring)
MPRegen  0.1/turn               (no ring)

@: very quick
A: unfitting armour, see invisible, fire resistance 1, herbivore 3, speed 3,
robust 1, slow metabolism 2
a: Depart the Abyss, Renounce Religion


You were on level 5 of the Dungeon.
You worshipped Lugonu.
Lugonu was aware of your devotion.
You were not hungry.

You visited 1 branch of the dungeon, and saw 5 of its levels.
You visited the Abyss 1 time.

You collected 116 gold pieces.

Inventory:

Hand Weapons
 a - a +1 short sword (weapon)
Armour
 b - a +0 robe (worn)
Scrolls
 d - a scroll of recharging {unknown}
 f - a scroll of remove curse
 h - a scroll of teleportation
 i - a scroll of amnesia {unknown}
Potions
 e - a potion of degeneration
 j - a potion of curing {unknown}
Comestibles
 c - a bread ration
 g - a royal jelly


   Skills:
 + Level 2.6 Fighting
 * Level 3.3 Short Blades
 + Level 4.0 Dodging
 * Level 1.2 Stealth
 - Level 1.7 Invocations


You had 2 spell levels left.
You didn't know any spells.

Dungeon Overview and Level Annotations

Branches:
Dungeon (6/15)
 Temple: D:4-7

Altars:
Okawaru

Annotations:
D:5 Sigmund


Innate Abilities, Weirdness & Mutations

You are very small and have problems with some larger weapons.
You are too small for most types of armour.
You have supernaturally acute eyesight. (SInv)
You are a herbivore.
You cover ground extremely quickly.
You need consume almost no food.
Your flesh is heat resistant. (rF+)
You are robust. (+10% HP)


Message History

Unknown command.
An adder zombie comes into view.
Found 8 stones.
Unknown command.
A sky beast and a skeleton come into view.
Unknown command.
A hound and a jelly come into view.
Unknown command.
A giant cockroach comes into view.
Found a large marble ring.
An orc comes into view. It is wielding a trident.
The orc shouts!
An ogre, Sigmund and a zombie come into view.
Sigmund shouts!
The ogre shouts!
Sigmund points at you and mumbles some strange words.
The puff of flame hits you! You resist.
Unknown command.
Unknown command.
The orc hits you from afar with a trident!
You die...

#.# ##... ..
##########...#. ..
.#.............Z
.## ...............
.. #.....(......#
.# <..=.........#
##.#
#...o.@Z....####..#
....###...F.......#
. #.......##.######
#..####....# .O@
#.#.......# #
............
......###.....
.......Y# .....
.Jh.###.# .Z...


You could see a sky beast, a bullfrog, an orc and an adder zombie.

Vanquished Creatures
  A gnoll (D:1)
  A worm (D:3)
  A leopard gecko (D:1)
  A giant cockroach (D:1)
  4 hobgoblins
  4 kobolds
  A quokka (D:3)
  4 bats
  2 frilled lizards (D:1)
  A goblin (D:1)
  3 rats
23 creatures vanquished.

Vanquished Creatures (others)
  2 starspawn tentacles (Abyss:1)
2 creatures vanquished.

Grand Total: 25 creatures vanquished

Notes
Turn   | Place    | Note
-------+----------+-------------------------------------------
     0 | Abyss:1  | 4thArraOfDagon the Spriggan Abyssal Knight began the quest for the Orb.
     0 | Abyss:1  | Reached XP level 1. HP: 11/11 MP: 3/3
    31 | Abyss:1  | Noticed a tentacled starspawn
    94 | Abyss:1  | Noticed a small abomination
    95 | Abyss:1  | Noticed a large abomination
    96 | Abyss:1  | Noticed a raiju
    96 | Abyss:1  | Noticed a smoke demon
    97 | Abyss:1  | Noticed a neqoxec
   113 | Abyss:1  | Noticed a quasit
   205 | Abyss:1  | Noticed a large abomination
   214 | Abyss:1  | Noticed a tentacled starspawn
   221 | Abyss:1  | Noticed a smoke demon
   225 | Abyss:2  | Found a corrupted altar of Lugonu.
   233 | Abyss:2  | Noticed a raiju
   233 | Abyss:2  | Noticed a raiju
   240 | D:1      | Escaped the Abyss
   245 | D:1      | Gained mutation: Your flesh is heat resistant. (rF+) [potion of mutation]
   245 | D:1      | Gained mutation: You are robust. (+10% HP) [potion of mutation]
   313 | D:1      | Reached XP level 2. HP: 17/17 MP: 4/4
   352 | D:1      | Reached * piety under Lugonu
   454 | D:1      | Reached skill level 4 in Dodging
   532 | D:2      | Found an iron altar of Okawaru.
   678 | D:2      | Reached XP level 3. HP: 20/20 MP: 5/5
   781 | D:3      | Reached skill level 1 in Stealth
   782 | D:3      | You fall through a shaft for 3 floors!
   789 | D:6      | Noticed a bullfrog
   799 | D:5      | Entered Level 5 of the Dungeon
   804 | D:5      | Noticed a sky beast
   808 | D:5      | Noticed Sigmund
   808 | D:5      | Noticed an ogre
   809 | D:5      | Slain by an orc

Vault maps used:
D:1:      doesnt_arrival_eight_statues
D:2:      lemuel_crystal_altar, serial_co_window_serial, co_window_corner_a,
          co_window_corner_a, co_window_of_opportunity_a, co_window_paths_a,
          co_window_paths_a, co_window_of_opportunity_b, co_window_paths_c,
          co_window_broadway_b, co_window_unsneaky_path_e, glass_columns_a,
          glass_columns_a, glass_columns_b, glass_columns_a, glass_columns_c,
          first_bread, hex_tiny, okawaru_trees_1, uniq_natasha
D:3:      minmay_wonky_spiral, lemuel_coloured_pillars_altar,
          fiery_altar_vehumet, led_sif_pool, uniq_robin, uniq_terence
D:5:      serial_shops, kennysheep_mini, portal_sewer_entry_f, uniq_sigmund
Abyss:2:  hangedman_summoners_spam, hangedman_stitches_earthworm

Skill      XL: |  1  2  3 |
---------------+----------+-----
Short Blades   | 3 |  3.3
Dodging        | 4 |  4.0
Stealth        | 1 |  1.2
Fighting       | |  2.6
Invocations    | |  1.7

Action                   || total
-------------------------++-------
Melee: Short sword       ||    72
Invok: Depart the Abyss  ||     1
  Use: Scroll            ||     5
       Potion            ||     1
 Stab: Sleeping          ||     2
Armor: Robe              ||     6
Dodge: Dodged            ||    77
